 Dungeon Crawl Stone Soup version 0.30.0-5-g1a98f26d00 (webtiles) character file.

Game seed: 8747339373395287882

171 jasper the Shooter (level 5, -4/27 HPs)
             Began as a Spriggan Hunter on May 11, 2023.
             Was a Follower of Elyvilon.
             Slain by an ogre
             ... wielding a +0 giant club
              (31 damage)
             ... on level 4 of the Dungeon.
             The game lasted 00:02:21 (1327 turns).

jasper the Shooter (Spriggan Hunter)                Turns: 1327, Time: 00:02:21

Health: -4/27      AC:  2    Str:  9    XL:     5   Next: 26%
Magic:  6/6        EV: 20    Int: 11    God:    Elyvilon [*.....]
Gold:   149        SH:  0    Dex: 24    Spells: 4/4 levels left

rFire   . . .        a - +0 shortbow
rCold   . . .        (shield currently unavailable)
rNeg    . . .        c - +0 robe
rPois   .            (helmet restricted)
rElec   .            (no cloak)
rCorr   .            (gloves unavailable)
SInv    +            (boots unavailable)
Will    .....        (no amulet)
Stlth   +++          d - +6 ring of dexterity
HPRegen 0.24/turn    (no ring)
MPRegen 0.10/turn

%: no passive effects
@: very quick
A: very small, no large weapons, unfitting armour, see invisible, speed 3
a: Renounce Religion, Purification


You were on level 4 of the Dungeon.
You worshipped Elyvilon.
Elyvilon was aware of your devotion.
You visited 1 branch of the dungeon, and saw 4 of its levels.

You collected 149 gold pieces.

Inventory:

Hand Weapons
 a - a +0 shortbow (weapon)
Armour
 c - a +0 robe (worn)
Jewellery
 d - a +6 ring of dexterity (left hand)
Wands
 k - a wand of light (5)
Scrolls
 b - a scroll of immolation
 f - a scroll of fog {unknown}
 i - 3 scrolls of identify {unknown}
Potions
 e - 2 potions of might {unknown}
 g - a potion of berserk rage {unknown}
 h - a potion of curing {unknown}
 j - a potion of heal wounds {unknown}


   Skills:
 + Level 2.4 Fighting
 * Level 5.1 Ranged Weapons
 + Level 4.0 Dodging
 + Level 3.6 Stealth
 + Level 0.2 Invocations


You had 4 spell levels left.
You didn't know any spells.
Your spell library contained the following spells:

 Spells                   Type           Power      Damage    Failure   Level
 Vhi's Electric Charge    Tloc/Air       0%         N/A       71%         3
 Anguish                  Hex/Necr       0%         N/A       98%         4
 Arcjolt                  Conj/Air       0%         1d10      100%        5
 Enfeeble                 Hex            0%         N/A       100%        7
 Maxwell's Capacitive Co  Air            0%         ∞         100%        8


Dungeon Overview and Level Annotations

Branches:
Dungeon (4/15)
 Temple: D:4-7

Altars:
Elyvilon

Shops:
D:1 :

Annotations:
D:3 Terence


Innate Abilities, Weirdness & Mutations

You are very small and have problems with some larger weapons.
You are too small for most types of armour.
You have supernaturally acute eyesight. (SInv)
You cover ground extremely quickly. (Speed+++)


Message History

A quokka is nearby!
You shoot an arrow. The arrow hits the quokka!
You kill the quokka!
No target in view!
Unknown command.
An ogre comes into view. It is wielding a +0 giant spiked club.
You shoot an arrow. The arrow hits the ogre.
The ogre shouts!
The ogre is lightly wounded.
You hear a shout! x2
A quokka comes into view.
The quokka moves out of view.
You shoot an arrow. The arrow hits the ogre.
The ogre is moderately wounded.
An ogre comes into view. It is wielding a +0 giant club.
You shoot an arrow.
The arrow hits the ogre but does no damage.
The ogre is moderately wounded.
You shoot an arrow. The arrow barely misses the ogre.
The quokka twitches its whiskers.
You shoot an arrow.
The arrow hits the quokka but does no damage.
You shoot an arrow. The arrow hits the ogre.
The ogre is heavily wounded.
You shoot an arrow. The arrow hits the ogre.
The ogre is severely wounded.
You shoot an arrow. The arrow barely misses the quokka.
You shoot an arrow. The arrow hits the quokka!
You kill the quokka!
You shoot an arrow. The arrow closely misses the ogre.
The arrow hits the ogre but does no damage.
The ogre is severely wounded.
You shoot an arrow. The arrow completely misses the ogre.
The arrow hits the ogre.
The ogre is severely wounded.
You shoot an arrow. The arrow hits the ogre.
The ogre is lightly wounded.
The ogre hits you with a +0 giant club!!
Ouch! That really hurt!
You die...

.......##.# .###.. .>. .. .#
..........##.#... .. ....##.## ..
....##..........##.##........# ..
#....#...........#.#.........##..
#...#..#..##.....#...........#...
...#.......#.....................
..........##...[..............)..
..............)................##
#.............OO@..............##
###.................#............
##.......##........##......#.....
##.......#..........).....#....##
##.......................#......
#................##.....#......
##................##..#........
...#..............##.##........
##..###.......###.###.###.......


You could see 2 ogres.

Vanquished Creatures
  An orc priest (D:4)
  A sleepcap (D:4)
  An orc wizard (D:4)
  4 adders
  2 dart slugs
  3 orcs (D:4)
  2 endoplasms
  2 giant cockroaches
  3 hobgoblins
  8 jackals (D:2)
  4 quokkas
  2 ball pythons
  6 bats
  3 frilled lizards (D:2)
  2 goblins (D:1)
  2 rats (D:2)
46 creatures vanquished.

Notes
Turn   | Place    | Note
-------+----------+-------------------------------------------
     0 | D:1      | jasper the Spriggan Hunter began the quest for the Orb.
     0 | D:1      | Reached XP level 1. HP: 10/10 MP: 2/2
   124 | D:1      | Reached XP level 2. HP: 15/15 MP: 3/3
   265 | D:1      | Found Kaejan's Vocational Training.
   555 | D:2      | Reached XP level 3. HP: 9/18 MP: 4/4
   911 | D:2      | Found a faded altar of an unknown god.
   918 | D:2      | Prayed at the altar of an unknown god.
   918 | D:2      | Became a worshipper of Elyvilon the Healer
   918 | D:2      | Reached * piety under Elyvilon
  1098 | D:3      | Noticed Terence
  1110 | D:4      | Reached XP level 4. HP: 23/23 MP: 5/5
  1175 | D:4      | Reached skill level 5 in Ranged Weapons
  1203 | D:4      | Reached XP level 5. HP: 25/27 MP: 6/6
  1288 | D:4      | Noticed an ogre
  1290 | D:4      | Noticed an ogre
  1327 | D:4      | Slain by an ogre

Illustrated notes

Levels and vault maps discovered:
D:1:      ebering_trefoil_twist, layout_rooms, hangedman_decor_points,
          nicolae_shop_vocational
D:2:      layout_loops_ring, hellmonk_ecumenical_altar_run_dry
D:3:      wad_crossroads, layout_rooms, makhleb_altar_promises_db,
          gammafunk_temple_overflow_statue, minivault_23, uniq_grinder,
          uniq_terence
D:4:      layout_cave_pools, vehumet_crystals, uniq_pikel

Skill      XL: |  1  2  3  4  5 |
---------------+----------------+-----
Stealth        | 2 3 |  3.6
Dodging        | 3 4 |  4.0
Fighting       | 2 |  2.4
Ranged Weapons | 5 |  5.1
Invocations    | |  0.2

Action                     |  1- 3 |  4- 6 || total
---------------------------+-------+-------++-------
   Fire: Shortbow          |    89 |    48 ||   137
 Armour: Robe              |     5 |       ||     5
  Dodge: Dodged            |    44 |     5 ||    49
